 Dungeon Crawl Stone Soup version 0.28-a0-1152-g9c71ebef14 (webtiles) character file.

Game seed: 125591122012755330

2128 spaghetti the Spear-Bearer (level 9, -2/65 (74) HPs)
             Began as a Deep Dwarf Delver on Dec 14, 2021.
             Was a Follower of Makhleb.
             Slain by a killer bee (6 damage)
             ... on level 9 of the Dungeon.
             The game lasted 00:06:25 (1825 turns).

spaghetti the Spear-Bearer (Deep Dwarf Delver)      Turns: 1825, Time: 00:06:26

HP:   -2/65 (74)    AC:  3    Str: 19    XL:     9   Next: 8%
MP:   7/7           EV: 12    Int: 12    God:    Makhleb [*.....]
Gold: 82            SH:  0    Dex: 14    Spells: 8/8 levels left

rFire   + . .      SeeInvis .   h - +3 demon trident (elec) {polearm}
rCold   . . .      Faith    .   (no shield)
rNeg    . . .      Spirit   .   b - +0 leather armour
rPois   .          Reflect  .   (no helmet)
rElec   .          Harm     .   (no cloak)
rCorr   .          Rampage  .   (no gloves)
Will    +....                   (no boots)
Stlth   +++.......              (no amulet)
HPRegen 0.00/turn               l - ring of protection from fire
MPRegen 0.10/turn               (no ring)

@: lethally poisoned (-2 -> -14), heavily drained
A: damage resistance, heal wounds, sense surroundings 2, no regeneration
a: Heal Wounds, Renounce Religion


You were on level 9 of the Dungeon.
You worshipped Makhleb.
Makhleb was aware of your devotion.
You visited 2 branches of the dungeon, and saw 5 of its levels.

You collected 82 gold pieces.


Innate Abilities, Weirdness & Mutations

You are resistant to damage.
You can heal yourself by infusing magical energy.
You passively map the area around you.
You do not regenerate.


   Skills:
 - Level 2.6 Fighting
 - Level 2.1(8.6) Axes
 + Level 10.9(11.0) Polearms
 - Level 2.1 Dodging
 - Level 6.1 Stealth


You had 8 spell levels left.
You didn't know any spells.
Your spell library was empty.

Inventory:

Hand Weapons
 a - a +0 hand axe {axe}
 h - a +3 demon trident of electrocution (weapon) {polearm}
   (You acquired it on level 5 of the Dungeon)
Missiles
 i - a throwing net {=f!fthrowing}
 j - 18 poisoned darts (quivered) {throwing}
Armour
 b - a +0 leather armour (worn)
 e - the +1 scale mail of the Assorted Wonders {Int+6}
   (You found it on level 9 of the Dungeon)

   Int:       It affects your intelligence (+6).
Jewellery
 l - a ring of protection from fire (left hand)
   (You found it on level 6 of the Dungeon)
Wands
 g - a wand of digging (3)
 k - a wand of iceblast (6)
   (You found it on level 6 of the Dungeon)
 m - a wand of flame (15)
   (You found it on level 6 of the Dungeon)
Scrolls
 d - a scroll of magic mapping {!r}

Dungeon Overview and Level Annotations

Branches:
Dungeon (7/15)             Temple (1/1) D:6

Altars:
Cheibriados
Dithmenos
Fedhas
Gozag
Kikubaaqudgha
Makhleb
Qazlal
Sif Muna
Trog
Uskayaw
Xom
Zin

Annotations:
D:5 exclusion: zombie

, ,.......$#................
,..........................
,
,,.....)....................
, ..........................
, .......#..................
...#...#............##..g. ,
,,
....................#..... ,
,,
........z.................
,........z@g.........#.....
, ..<.z.))zy.............#..
, ,
.....)))zg.g...#....#.##.. ,
,.....).............### #..
, .........#.##.....## #..
,........#####...#.######..
....#...##.........##.#... ,
, ...#...............#......
..#..........##...........


You could see a gnoll sergeant, a killer bee, 5 wights and 2 gnolls.


Message History

You take 5 damage, and now have 19/74 hp.
Unknown command.
Unknown command.
Unknown command.
You release spores at the killer bee.
You kill the killer bee!
Makhleb accepts your kill.
You can now gain health from killing.
The killer bee stings you but does no damage.
The gnoll sergeant barely misses you. The killer bee completely misses you.
Unknown command.
Unknown command.
Unknown command.
Unknown command.
Okay, then.
Unknown command.
Your magical essence is drained by the effort!
You feel much better.
You stop sporulating.
Your +3 demon trident of electrocution {polearm} unmelds from your body.
Your +0 leather armour unmelds from your body.
You hear the crackle of electricity.
The killer bee stings you. The wight hits you with a +0 scimitar!
* * * LOW HITPOINT WARNING * * *
You feel drained.
The gnoll sergeant hits you from afar with a +2 trident of venom.
* * * LOW HITPOINT WARNING * * *
The killer bee closely misses you. 😨 HP[+5] MP[-1]
You now have 72 max hp (-2).
You regained 5 hp, and now have 24/72 hp.
Unknown command.
Unknown command.
Unknown command.
Unknown command.
You feel much better. The killer bee barely misses you.
The wight hits you with a +0 hand axe.
You feel drained. The wight closely misses you.
The gnoll sergeant closely misses you.
A wight comes into view. It is wielding a +0 falchion.
The killer bee misses you. 😮 HP[+20]
You now have 70 max hp (-2).
You regained 20 hp, and now have 44/70 hp.
Unknown command.
Unknown command.
Unknown command.
Unknown command.
Okay, then.
Okay, then.
The gnoll sergeant hits you with a +2 trident of venom!
* * * LOW HITPOINT WARNING * * *
You are poisoned.
The killer bee barely misses you. 😨 HP[-12]
You take 12 damage, and now have 32/70 hp.
Unknown command.
The gnoll hits you from afar with a +0 spear.
* * * LOW HITPOINT WARNING * * *
The gnoll sergeant hits you from afar with a +2 trident of venom!
* * * LOW HITPOINT WARNING * * *
You are more poisoned.
The killer bee barely misses you. 😨 HP[-9]
You take 9 damage, and now have 23/70 hp.
Unknown command.
Unknown command.
You aren't carrying any potions.
Unknown command.
Unknown command.
Okay, then.
You feel much better.
You feel extremely sick. The killer bee stings you.
* * * LOW HITPOINT WARNING * * *
The wight barely misses you. The gnoll barely misses you.
The wight hits you with a +0 hand axe!
* * * LOW HITPOINT WARNING * * *
You feel drained.
The gnoll sergeant hits you from afar with a +2 trident of venom!
* * * LOW HITPOINT WARNING * * *
You are lethally poisoned!
The killer bee misses you. 😱 HP[-12]
You now have 68 max hp (-2).
You take 12 damage, and now have 11/68 hp.
Unknown command.
You feel much better.
You feel extremely sick. The killer bee closely misses you.
The gnoll closely misses you. The wight hits you with a +0 scimitar!
* * * LOW HITPOINT WARNING * * *
You feel drained.
* * * LOW HITPOINT WARNING * * *
The gnoll hits you from afar with a +0 spear.
The wight hits you with a +0 hand axe.
* * * LOW HITPOINT WARNING * * *
You feel drained. The gnoll sergeant misses you. The killer bee stings you!
You die...

Skill      XL: |  1  2  3  4  5  6  7  8 |
---------------+-------------------------+-----
Polearms       | 3 4 5 6 8 10 | 10.9
Fighting       | |  2.6
Axes           | |  2.1
Dodging        | |  2.1
Stealth        | |  6.1

Action                   |  1- 3 |  4- 6 |  7- 9 || total
-------------------------+-------+-------+-------++-------
Melee: Demon trident     |     9 |    32 |    42 ||    83
       Hand axe          |     5 |       |       ||     5
       Unarmed           |       |       |     4 ||     4
Throw: Dart              |       |       |    10 ||    10
 Abil: Heal Wounds       |     1 |     3 |    10 ||    14
Evoke: Wand              |       |     2 |    15 ||    17
  Use: Scroll            |     1 |     1 |     3 ||     5
       Potion            |     1 |       |     1 ||     2
 Stab: Sleeping          |       |     2 |       ||     2
Armor: Leather armour    |       |     6 |    10 ||    16
       Skin              |       |       |     6 ||     6
Dodge: Dodged            |     9 |    10 |    64 ||    83

Levels and vault maps discovered:
D:5:      layout_cave_pools, ebering_ghost_inner_flame, st_stairs_11,
          nrook_uturn, hangedman_decor_points
D:6:      black_bear_nest_2, layout_basic, minmay_temple_entry_overgrown,
          serial_co_window_serial, co_window_paths_b, co_window_corner_a,
          co_window_paths_a, co_window_cross_1, co_window_paths_b,
          co_window_corner_a, co_window_paths_a, co_window_of_opportunity_b,
          co_window_2corner, co_window_broadway_c, co_window_2corner,
          co_window_broadway_a, co_window_4corner_b, glass_columns_b,
          glass_columns_a, minmay_checkerbox
D:7:      layout_basic, enter_bailey_2, gammafunk_ghost_cemetery,
          minmay_misc_feat_five, uniq_joseph
D:9:      layout_cross, orc_0_dummy, grunt_ministairs_5, uniq_grum
Temple:   grunt_wide_crystal_templ

Notes
Turn   | Place    | Note
-------+----------+-------------------------------------------
     0 | D:5      | spaghetti the Deep Dwarf Delver began the quest for the
                  | Orb.
     0 | D:5      | Reached XP level 1. HP: 20/20 MP: 1/1
     0 | D:5      | magus.rc [v1.9.6]
     1 | D:6      | Noticed a kobold brigand
   137 | D:5      | Identified a scroll of acquirement
   137 | D:5      | Acquired a +2 demon trident of electrocution
   258 | D:6      | Killed a kobold brigand
   259 | D:6      | Reached skill level 3 in Polearms
   259 | D:6      | Reached XP level 2. HP: 24/27 MP: 2/2
   259 | D:6      | Reached XP level 3. HP: 29/33 MP: 3/3
   275 | D:6      | Reached XP level 4. HP: 31/40 MP: 4/4
   279 | D:6      | Reached skill level 4 in Polearms
   351 | D:6      | Noticed a black bear
   355 | D:6      | Killed a black bear
   356 | D:6      | Reached XP level 5. HP: 35/46 MP: 5/5
   575 | D:6      | Reached skill level 5 in Polearms
   586 | D:6      | Reached XP level 6. HP: 53/55 MP: 6/6
   596 | D:6      | Noticed a steam dragon
   611 | D:6      | HP: 9/55 [steam dragon/ball of steam (17)]
   615 | D:6      | Killed a steam dragon
   615 | D:6      | HP: 3/55 [bullfrog (6)]
   616 | D:6      | Reached skill level 6 in Polearms
   626 | D:6      | Noticed a troll
   627 | D:6      | Reached XP level 7. HP: 50/61 MP: 7/7
   748 | D:6      | HP: 14/61 [troll (6)]
   750 | D:6      | Killed a troll
   751 | D:6      | Reached skill level 7 in Polearms
  1167 | D:6      | Found a staircase to the Ecumenical Temple.
  1280 | Temple   | Entered the Ecumenical Temple
  1290 | Temple   | Became a worshipper of Makhleb the Destroyer
  1329 | D:6      | Reached skill level 8 in Polearms
  1530 | D:6      | You fall into a shaft and drop 3 floors!
  1543 | D:9      | HP: 13/61 [centaur warrior zombie (7)]
  1558 | D:9      | Noticed a yak
  1559 | D:9      | Noticed a yak
  1560 | D:9      | Noticed a yak
  1561 | D:9      | Noticed a yak
  1563 | D:9      | Noticed a yak
  1567 | D:9      | Noticed a hornet
  1567 | D:9      | Noticed a yak
  1570 | D:9      | HP: 15/61 [centaur/arrow (2)]
  1762 | D:9      | Identified the +1 scale mail of the Assorted Wonders
                  | {Int+6}
  1773 | D:9      | Reached XP level 8. HP: 36/68 MP: 8/8
  1776 | D:9      | HP: 16/68 [centaur warrior zombie (6)]
  1787 | D:9      | Reached skill level 9 in Polearms
  1789 | D:9      | Reached skill level 10 in Polearms
  1801 | D:9      | Noticed Grum
  1805 | D:9      | Killed Grum
  1815 | D:9      | Gained mutation: You passively map the area around you.
                  | [Deep Dwarf growth]
  1815 | D:9      | Reached XP level 9. HP: 24/74 MP: 8/8
  1819 | D:9      | Reached * piety under Makhleb
  1824 | D:9      | HP: 11/68 [gnoll sergeant (9)]
  1825 | D:9      | HP: 4/66 [wight (2)]
  1825 | D:9      | Slain by a killer bee

Vanquished Creatures
  A centaur zombie (D:9)
  A troll (D:6)
  Grum (D:9)
  A steam dragon (D:6)
  A water moccasin (D:9)
  An orc warrior (D:9)
  2 black bears (D:6)
  2 wolves (D:9)
  A centaur (D:9)
  A bullfrog (D:6)
  A kobold brigand (D:6)
  4 killer bees (D:9)
  A bullfrog zombie (D:6)
  2 jellies (D:6)
  A hound (D:6)
  4 orc priests
  An iguana (D:6)
  4 orc wizards
  3 gnolls (D:9)
  An adder (D:6)
  5 orcs (D:6)
  2 kobolds (D:5)
41 creatures vanquished.

Table legend:
 A = Non-vault XP
 B = Vault XP
 C = Vault XP percentage of total XP
 D = Non-vault monster count
 E = Vault monster count
 F = Vault count percentage of total count
                 A         B        C        D         E       F
            +---------+---------+-------+---------+---------+-------
      Total |    2153 |     887 |  29.2 |      33 |       8 |  19.5
            +---------+---------+-------+---------+---------+-------
        D:5 |       3 |       0 |   0.0 |       2 |       0 |   0.0
        D:6 |     847 |     467 |  35.5 |      16 |       5 |  23.8
        D:9 |    1303 |     420 |  24.4 |      15 |       3 |  16.7
            +---------+---------+-------+---------+---------+-------

Illustrated notes

Table legend:
 A = Kills in this place as a percentage of kills in entire the game.
 B = Kills by you in this place as a percentage of kills by you in the entire game.
 C = Kills by friends in this place as a percentage of kills by friends in the entire game.
 D = Other kills in this place as a percentage of other kills in the entire game.
 E = Experience gained in this place as a percentage of experience gained in the entire game.
 F = Experience gained in this place divided by the number of levels of this place that you have seen.
                   A       B       C       D       E      F
               +-------+-------+-------+-------+-------+----------------------
         Total | 100.0 | 100.0 |   N/A |   N/A | 100.0 | 608.0
       Dungeon | 100.0 | 100.0 |   N/A |   N/A | 100.0 | 760.0
               +-------+-------+-------+-------+-------+----------------------

Table legend: (Time is in decaauts)
 A = Elapsed time spent in this place.
 B = Non-inter-level travel time spent in this place.
 C = Inter-level travel time spent in this place.
 D = Time resting spent in this place.
 E = Time spent auto-exploring this place.
 F = Levels seen in this place.
 G = Mean time per level.
                   A        B        C        D        E       F      G
               +--------+--------+--------+--------+--------+-----+--------+
         Total |   1805 |   1718 |     87 |    536 |    848 |   5 |  361.0 |
       Dungeon |   1786 |   1706 |     80 |    536 |    847 |   4 |  446.5 |
        Temple |     18 |     11 |      7 |      0 |      1 |   1 |   18.0 |
               +--------+--------+--------+--------+--------+-----+--------+

Top non-repeatable levels by time:
     D:6: 1264 daAuts
     D:9: 271 daAuts
     D:5: 246 daAuts
  Temple: 18 daAuts
     D:7: 3 daAuts
